 Seeded DCSS version 0.26.1-11-gd32895ea62 (webtiles) character file.

Game seed: 36451945518704854 (custom seed)

287 Zeld the Slasher (level 6, -2/47 HPs)
             Began as a Human Delver on June 5, 2021.
             Was a Follower of the Shining One.
             Slain by a jelly (3 damage)
             ... on level 3 of the Dungeon.
             The game lasted 00:03:55 (7290 turns).

Zeld the Slasher (Human Delver)                     Turns: 7290, Time: 00:03:56

Health: -2/47      AC: -7    Str: 14    XL:     6   Next: 56%
Magic:  6/6        EV: 11    Int: 11    God:    the Shining One [*.....]
Gold:   163        SH:  0    Dex: 14    Spells: 5/5 levels left

rFire    . . .     SeeInvis .   a - +0 falchion
rCold    . . .     Faith    .   (no shield)
rNeg     . . .     Spirit   .   p - +2 ring mail {rPois}
rPois    +         Reflect  .   n - +1 helmet
rElec    .         Harm     .   (no cloak)
rCorr    .         Rampage  .   (no gloves)
Will     .....                  (no boots)
Stlth    +.........             (no amulet)
HPRegen  0.15/turn              (no ring)
MPRegen  0.10/turn              (no ring)

@: corroded, glowing
A: no striking features
a: Renounce Religion


You were on level 3 of the Dungeon.
You worshipped the Shining One.
The Shining One was aware of your devotion.
You visited 1 branch of the dungeon, and saw 5 of its levels.

You collected 163 gold pieces.

Inventory:

Hand Weapons
 a - a +0 falchion (weapon)
Missiles
 i - 8 boomerangs (quivered)
 o - a poisoned dart
Armour
 n - a +1 helmet (worn)
 p - a +2 ring mail of poison resistance (worn)
Wands
 g - a wand of digging (3)
Scrolls
 c - a scroll of fog
 d - a scroll of magic mapping
 e - a scroll of fear
 h - 3 scrolls of identify {unknown}
 l - a scroll of enchant armour {unknown}
Potions
 f - 3 potions of curing {unknown}
 j - a potion of heal wounds
 k - 3 potions of brilliance {unknown}
 m - 2 potions of might


   Skills:
 - Level 3.0 Fighting
 * Level 6.4 Long Blades
 - Level 2.0 Dodging
 - Level 5.0 Stealth


You had 5 spell levels left.
You didn't know any spells.
Your spell library was empty.

Dungeon Overview and Level Annotations

Branches:
Dungeon (5/15)
 Temple: D:4-7

Altars:
Qazlal
Wu Jian
The Shining One


Message History

The jelly barely misses you.
You slash the jelly!
Your hands burn!
The jelly is heavily wounded.
The jelly barely misses you.
You riposte.
You hit the jelly but do no damage.
The jelly is heavily wounded.
You hit the jelly. The acid corrodes you!
Your hands burn!
The jelly is heavily wounded.
The jelly hits you. The acid corrodes you!
You are splashed with acid.
You hit the jelly.
Your hands burn!
The jelly is almost dead.
The jelly hits you.
* * * LOW HITPOINT WARNING * * *
The acid corrodes you!
You are splashed with acid!
* * * LOW HITPOINT WARNING * * *
You are too injured to fight recklessly!
You hit the jelly.
Your hands burn!
* * * LOW HITPOINT WARNING * * *
The jelly is almost dead.
The jelly hits you.
You die...

#...#######....(..#.....##...
#...# #.......#.....##...
#...# #.......#.....##...
#...# #>......+.....'..#.
#...# #########.....##.#.
#...# ######## ########.#.
#...# #....÷.########## #...
#...# #.....÷'##......####..
#...# #....@.#.#.......##...
#...# #....J.#.#........'...
#...# #..÷...#.#.(......'...
#...# #......#)#'#......'.##
#...# #......#.#.#.....##.##
#...# #......#.#.#....######
#...# #:.....##.####### #
##### ########### ######
##### #############.#...


You could see a jelly.

Vanquished Creatures
  A jelly (D:3)
  Natasha (thrice) (D:2)
  Robin (D:2)
  4 adders
  8 oozes
  A worm (D:2)
  2 dart slugs
  6 orcs (D:3)
  3 giant cockroaches
  12 goblins
  11 hobgoblins
  7 jackals
  A quokka (D:2)
  A ball python (D:2)
  8 bats
  3 frilled lizards
  12 kobolds
  7 rats
91 creatures vanquished.

Vanquished Creatures (others)
  5 fungi (D:3)
  A plant (D:1)
  9 toadstools (D:3)
15 creatures vanquished.

Grand Total: 106 creatures vanquished

Notes
Turn   | Place    | Note
-------+----------+-------------------------------------------
     0 | D:5      | Zeld the Human Delver began the quest for the Orb.
     0 | D:5      | Reached XP level 1. HP: 18/18 MP: 1/1
    24 | D:4      | Noticed an orc wizard
    44 | D:4      | Found a sand-covered staircase.
    72 | D:3      | Found a glowing golden altar of the Shining One.
    75 | D:3      | Became a worshipper of the Shining One
   423 | D:3      | Reached XP level 2. HP: 17/24 MP: 2/2
   433 | D:3      | Reached skill level 3 in Long Blades
  1195 | D:2      | Reached XP level 3. HP: 29/29 MP: 3/3
  1823 | D:1      | Reached skill level 4 in Long Blades
  1823 | D:1      | Reached XP level 4. HP: 26/35 MP: 4/4
  3100 | D:2      | Found a stormy altar of Qazlal.
  3287 | D:2      | Noticed Robin
  3317 | D:2      | Killed Robin
  3318 | D:2      | Reached XP level 5. HP: 24/41 MP: 5/5
  3467 | D:2      | Noticed Natasha
  4291 | D:2      | Found a stormy altar of Qazlal.
  4496 | D:2      | Killed Natasha
  4497 | D:2      | Reached skill level 5 in Long Blades
  4727 | D:2      | Noticed Natasha
  4732 | D:2      | Killed Natasha
  4902 | D:2      | Noticed Natasha
  4902 | D:2      | Reached * piety under the Shining One
  4909 | D:2      | Killed Natasha
  5002 | D:2      | Found a stormy altar of Qazlal.
  5651 | D:3      | Reached XP level 6. HP: 47/47 MP: 6/6
  5657 | D:3      | Found an ornate altar of the Wu Jian Council.
  6563 | D:3      | Reached skill level 6 in Long Blades
  7290 | D:3      | HP: 1/47 [acid (4)]
  7290 | D:3      | Slain by a jelly

Illustrated notes

Levels and vault maps discovered:
D:1:      dpeg_arrival_connections, layout_loops_ring, serial_forest,
          infiniplex_forest_lined_room_3, infiniplex_forest_lined_room_2,
          infiniplex_forest_clump_small, infiniplex_forest_clump_double,
          infiniplex_forest_lined_2, infiniplex_forest_lined_3
D:2:      layout_loops_ring, grunt_qazlal_clouds, uniq_robin, uniq_natasha
D:3:      cheibrodos_fertilizer, layout_basic, lemuel_crystal_altar,
          pdpol_wu_jian_five_deadly_venoms
D:4:      layout_cave_pools, enter_ossuary_5, xom_teletrap_fun, uniq_eustachio
D:5:      layout_basic, serial_shops, shop

Skill      XL: |  1  2  3  4  5  6 |
---------------+-------------------+-----
Long Blades    | 3 4 5 6 |  6.4
Fighting       | |  3.0
Dodging        | |  2.0
Stealth        | |  5.0

Action                   |  1- 3 |  4- 6 || total
-------------------------+-------+-------++-------
Melee: Falchion          |    82 |   212 ||   294
  Use: Potion            |     1 |       ||     1
Armor: Leather armour    |    19 |    40 ||    59
       Ring mail         |       |    25 ||    25
Dodge: Dodged            |    50 |   129 ||   179
       Rpst.: Falchion   |    15 |    38 ||    53
